AoeStats
← TPE-床上小旋風

Arena

505557074Analyzed
4v4 RM · 21d ago on Sep 10, 2026· 57m 40s· 8 players
Game mode
Random Map
Map size
Large (8 player)
Population
200
Speed
Normal
Resources
Standard
Victory
Conquest
Starting age
Dark Age
Ending age
Imperial Age
RankedLock teamsTeams togetherTeam positionsShared explorationLock speedFull tech treeHidden civsTurbo modeCheats
Victory
Defeat
🇧🇷 Koreans · Brazil
1330
+17
🇦🇷 Saracens · Argentina
1301
+18
🇺🇸 Inca · United States
1300
+18
🇺🇸 Franks · United States
1296
+18
🇧🇪 Hindustanis · Belgium
1370
-19
🇹🇷 Vikings · Türkiye
1362
-18
🇵🇹 Tupi · Portugal
1350
-18
🇷🇺 Goths · Russia
1293
-16
IamBritt
10:55 Feudal Age
15:02 Castle Age
13:01 Double-Bit Axe
16:02 Bow Saw
16:53 Wheelbarrow
16:40 Scale Barding Armor
21:40 Loom
22:11 Hand Cart
23:07 Chain Barding Armor
22:57 Forging
24:07 Gold Mining
24:09 Stone Mining
27:09 Gold Shaft Mining
29:37 Imperial Age
27:17 Husbandry
26:52 Pikeman
27:33 Squires
29:54 Iron Casting
29:51 Scale Mail Armor
29:49 Cavalier
31:05 Plate Barding Armor
30:36 Halberdier
34:36 Chain Mail Armor
37:10 Blast Furnace
36:27 Paladin
38:15 Plate Mail Armor
39:03 Chemistry
49:01 Fletching
49:50 Bodkin Arrow
50:38 Ballistics
Ozz
10:39 Feudal Age
14:20 Castle Age
12:35 Horse Collar
12:53 Double-Bit Axe
16:15 Loom
16:50 Bow Saw
22:30 Wheelbarrow
22:16 Town Watch
22:52 Heavy Plow
22:49 Gold Mining
22:52 Stone Mining
22:55 Gold Mining
23:02 Champi Runner
24:36 Scale Mail Armor
24:01 Champi Warrior
24:02 Pikeman
24:43 Squires
24:28 Arson
26:50 Hand Cart
27:01 Chain Mail Armor
30:45 Imperial Age
29:03 Stone Shaft Mining
29:06 Gold Shaft Mining
29:28 Stone Shaft Mining
29:07 Forging
30:21 Chain Mail Armor
30:43 Iron Casting
30:51 Capped Ram
30:53 Elite Champi Warrior
30:59 Halberdier
32:14 Plate Mail Armor
32:08 Conscription
32:28 Siege Ram
34:00 Siege Engineers
36:08 Blast Furnace
34:49 Elite Kamayuk
40:09 Guilds
40:32 Coinage
41:04 Fabric Shields
40:38 Onager
J4cK
0:26 Loom
11:07 Feudal Age
14:55 Castle Age
13:37 Double-Bit Axe
17:07 Fletching
17:02 Horse Collar
25:21 Bow Saw
31:22 Imperial Age
30:26 Heavy Plow
31:06 Gold Mining
33:22 Two-Man Saw
42:37 Chemistry
41:58 Ballistics
42:45 Wheelbarrow
42:37 Bodkin Arrow
46:32 Scale Mail Armor
46:42 Forging
47:10 Hand Cart
47:58 Bracer
54:04 Coinage
pity.grillo26
6:51 Loom
8:55 Feudal Age
14:38 Town Watch
15:36 Fletching
24:54 Castle Age
23:40 Gold Mining
23:43 Stone Mining
23:41 Horse Collar
25:38 Bodkin Arrow
26:12 Guard Tower
26:54 Masonry
28:28 Fortified Wall
30:11 Heavy Plow
41:41 Imperial Age
40:06 Double-Bit Axe
41:43 Forging
42:31 Scale Barding Armor
43:56 Bimaristan
43:48 Padded Archer Armor
44:27 Iron Casting
44:10 Bimaristan
44:05 Husbandry
44:58 Chain Barding Armor
48:17 Plate Barding Armor
51:15 Blast Furnace
51:10 Bloodlines
52:09 Bracer
53:19 Conscription
53:40 Wheelbarrow
53:17 Padded Archer Armor
54:17 Leather Archer Armor
53:25 Crossbowman
55:00 Elite Mameluke
55:46 Elite Skirmisher
Pryda
10:03 Feudal Age
14:10 Castle Age
12:24 Double-Bit Axe
12:20 Horse Collar
21:30 Town Watch
24:52 Bloodlines
24:42 Husbandry
25:33 Scale Barding Armor
27:53 Gold Mining
28:54 Wheelbarrow
28:21 Town Patrol
31:14 Imperial Age
30:17 Chain Barding Armor
31:21 Heavy Camel Rider
34:54 Plate Barding Armor
34:29 Forging
34:04 Imperial Camel Rider
35:24 Bow Saw
37:07 Chemistry
36:16 Shatagni
39:26 Ballistics
39:08 Padded Archer Armor
44:55 Siege Engineers
Siny
10:16 Feudal Age
12:24 Loom
14:40 Castle Age
13:19 Double-Bit Axe
15:58 Bow Saw
17:18 Loom
21:30 Town Watch
22:45 Pikeman
23:45 Scale Mail Armor
24:41 Squires
28:33 Chain Mail Armor
28:29 Forging
28:09 Arson
27:50 Man-at-Arms
28:15 Gambesons
29:36 Long Swordsman
30:20 Horse Collar
31:24 Iron Casting
33:36 Town Patrol
37:20 Imperial Age
41:06 Heavy Plow
42:08 Two-Man Saw
51:34 Crop Rotation
53:29 Elite Skirmisher
54:08 Fletching
54:19 Padded Archer Armor
TPE-床上小旋風
7:24 Loom
11:25 Feudal Age
14:57 Castle Age
12:51 Double-Bit Axe
13:51 Horse Collar
14:45 Gold Mining
19:22 Bow Saw
20:02 Loom
22:25 Wheelbarrow
24:01 Fletching
25:07 Pikeman
25:50 Squires
26:01 Forging
34:19 Heavy Plow
36:00 Hand Cart
35:37 Man-at-Arms
36:29 Stone Mining
36:17 Long Swordsman
37:04 Scale Mail Armor
38:39 Chain Mail Armor
38:59 Iron Casting
41:42 Imperial Age
41:46 Two-Handed Swordsman
43:33 Perfusion
43:49 Champion
45:36 Blast Furnace
BARAKA wins!
8:46 Loom
11:13 Feudal Age
12:40 Double-Bit Axe
13:15 Fletching
20:03 Castle Age
20:03 Horse Collar
21:21 Scale Mail Armor
23:26 Gold Mining
26:28 Squires
26:48 Bow Saw
27:06 Forging
28:16 Chain Mail Armor
27:50 Arson
33:59 Iron Casting
34:44 Wheelbarrow
35:45 Pikeman
40:57 Bow Saw
40:48 Heavy Plow
40:40 Stone Mining
42:38 Gold Shaft Mining
44:17 Hand Cart
46:03 Gold Shaft Mining
51:12 Imperial Age
50:13 Bodkin Arrow
50:05 Treadmill Crane
50:46 Ballistics
51:19 Padded Archer Armor
51:20 Elite Ibirapema Warrior
52:31 Plate Mail Armor
53:35 Conscription
53:57 Bracer
Connection lost

Rejoining the realm…

Still unreachable

The connection could not be restored.

Session expired

The server has moved on; the page needs a fresh start.